Map: Dusk Towers

Players

facke - Winner!

  • Race: Zerg Zerg
  • League: Platinum

microHARD

  • Race: Zerg Zerg
  • League: Diamond

VOD

Have the link to the VOD?

Description

Time

  • Played on: Jan. 9, 2016, 11:11 a.m.
  • Length: 6:42
Show
View Real Time Build Order
Export as new Build Order

facke Zerg - Winner!

Build Orders: Pool Only, Zergling Baneling 

Get SALT Encoding   

  12  0:01  Drone  
  13  0:08  Extractor  
  12  0:25  Spawning Pool  
  11  0:29  Drone  
  11  0:35  Drone  
  13  0:41  Drone  
  14  0:52  Overlord  
  14  1:10  Drone x2  
  16  1:13  Metabolic Boost  
  16  1:16  Zergling x2  
  17  1:23  Zergling x2  
  18  1:34  Queen  
  20  1:43  Baneling Nest  
  19  1:48  Zergling x2  
  19  1:50  Zergling x2  
  21  1:58  Zergling x2  
  22  2:06  Overlord  
  21  2:27  Zergling x2  
  22  2:31  Zergling x2  
  23  2:39  Baneling  
  23  2:40  Baneling  
  23  2:44  Zergling x2  
  22  2:55  Zergling x2  
  22  2:56  Zergling x4  
  23  3:02  Zergling x2  
  23  3:14  Zergling x2  
  24  3:23  Zergling x2  
  25  3:29  Zergling x6  
  25  3:31  Baneling x2  
  28  3:41  Baneling x6  
  28  3:42  Baneling x2  
  28  3:49  Zergling x4  
  28  3:57  Zergling x2  
  27  4:03  Zergling x4  
  27  4:05  Zergling x2  
  29  4:12  Zergling x2  
  25  4:26  Zergling x2  
  24  4:34  Zergling x2  
  24  4:37  Zergling x6  
  25  4:46  Zergling x2  
  25  5:00  Zergling x2  
  25  5:07  Zergling x4  
  25  5:11  Zergling x4  
  28  5:20  Zergling x2  
  29  5:22  Baneling x2  
  23  5:37  Zergling x6  
  23  5:38  Zergling x2  
  27  5:46  Zergling x2  
  27  5:57  Zergling x2  
  27  6:12  Zergling x8  
Show
View Real Time Build Order
Export as new Build Order

microHARD Zerg 

Build Orders: Pool First, Zergling Baneling 

Get SALT Encoding   

  12  0:01  Drone  
  13  0:13  Extractor  
  12  0:25  Spawning Pool  
  12  0:28  Drone  
  12  0:33  Drone  
  13  0:40  Drone  
  14  0:50  Overlord  
  14  0:59  Drone, Extractor  
  15  1:11  Queen  
  17  1:19  Metabolic Boost  
  17  1:35  Drone  
  17  1:38  Baneling Nest  
  17  1:39  Zergling x2  
  18  1:41  Zergling x2  
  19  1:48  Drone  
  20  1:58  Overlord  
  20  2:09  Zergling x2  
  21  2:21  Zergling x2  
  21  2:22  Zergling x6  
  24  2:32  Baneling  
  24  2:33  Baneling  
  23  2:50  Zergling x2  
  23  2:51  Zergling x8  
  24  3:06  Zergling x2  
  24  3:17  Zergling x2  
  25  3:23  Baneling  
  25  3:24  Baneling x8  
  26  3:27  Zergling x8  
  29  3:49  Zergling x2  
  26  4:03  Zergling x6  
  26  4:04  Overlord  
  26  4:05  Overlord  
  17  4:40  Drone x3  
  20  4:51  Hatchery  
  19  4:56  Queen  
  15  5:07  Drone x2  
  13  5:37  Zergling x2  
  13  5:38  Zergling x4  
  14  5:54  Zergling x2  
  14  5:55  Zergling x2  
  16  5:57  Baneling  
  16  5:58  Baneling x5  
  15  6:15  Drone  
  15  6:16  Drone x2  
Tags
 
Add a new tag
Caveats
  • Supply blocks, unpowered buildings, or Contaminate may cause inaccurate times.
  • Supply counts are checked every 10 seconds.